AoeStats
← WEN

Arena

509887203Analyzed
4v4 RM · 5d ago on Sep 28, 2026· 48m 6s· 8 players
Game mode
Random Map
Map size
Large (8 player)
Population
200
Speed
Normal
Resources
Standard
Victory
Conquest
Starting age
Dark Age
Ending age
Imperial Age
RankedLock teamsTeams togetherTeam positionsShared explorationLock speedFull tech treeHidden civsTurbo modeCheats
Victory
Defeat
🇨🇳 Italians · China
1257
+9
🇹🇼 Vietnamese · Taiwan
1099
+15
🇦🇷 Bulgarians · Argentina
1053
+17
🇨🇳 Danes · China
974
+20
🇫🇷 Vietnamese · France
1136
-18
🇨🇳 Danes · China
1095
-16
🇩🇪 Franks · Germany
1090
-16
🇯🇵 Persians · Japan
980
-11
apple58112327
1:02 Loom
11:51 Feudal Age
15:58 Castle Age
13:45 Double-Bit Axe
14:13 Horse Collar
16:56 Bow Saw
18:13 Wheelbarrow
19:24 Heavy Plow
20:19 Gold Mining
26:41 Imperial Age
25:03 Hand Cart
24:51 Fletching
25:03 Padded Archer Armor
25:20 Stone Mining
25:39 Bodkin Arrow
25:51 Town Watch
26:57 Stone Shaft Mining
26:02 Crossbowman
26:47 Thumb Ring
27:26 Thumb Ring
29:10 Chemistry
29:32 Ballistics
29:16 Arbalester
31:16 Bracer
33:50 Two-Man Saw
35:09 Paper Money
36:40 Chatras
37:02 Elite Battle Elephant
37:43 Husbandry
37:53 Bloodlines
38:29 Town Patrol
39:45 Hoardings
39:14 Treadmill Crane
40:41 Forging
40:36 Scale Barding Armor
43:56 Iron Casting
43:41 Chain Barding Armor
83716497273
9:31 Feudal Age
13:42 Castle Age
11:36 Double-Bit Axe
12:05 Horse Collar
15:06 Bow Saw
24:08 Wheelbarrow
23:32 Gold Mining
24:48 Gold Shaft Mining
24:03 Stone Mining
24:16 Stone Mining
24:21 Loom
25:45 Hand Cart
26:42 Stone Shaft Mining
28:59 Imperial Age
26:15 Town Watch
26:36 Scale Mail Armor
27:55 Chain Mail Armor
27:50 Forging
28:01 Heavy Plow
29:13 Gambesons
29:28 Squires
29:13 Arson
29:07 Capped Ram
29:18 Elite Varangian Guard
30:29 Plate Mail Armor
30:34 Iron Casting
29:58 Siege Ram
32:36 Blast Furnace
32:28 Northmen's Fury
33:29 Conscription
32:30 Hamask
34:27 Siege Engineers
40:03 Pikeman
40:44 Halberdier
45:29 Town Patrol
WEN
11:01 Feudal Age
14:32 Castle Age
12:22 Double-Bit Axe
12:20 Horse Collar
16:45 Stone Mining
17:47 Loom
24:29 Bow Saw
25:46 Heavy Plow
26:09 Gold Mining
27:08 Wheelbarrow
26:21 Town Watch
30:22 Imperial Age
27:56 Padded Archer Armor
30:34 Leather Archer Armor
31:40 Pirotechnia
31:50 Conscription
32:58 Chemistry
32:18 Ballistics
33:02 Ring Archer Armor
33:47 Fletching
34:49 Masonry
34:20 Treadmill Crane
36:33 Architecture
36:00 Murder Holes
36:48 Bodkin Arrow
37:02 Caravan
37:21 Bracer
42:59 Silk Road
43:54 Scale Mail Armor
44:04 Forging
44:05 Squires
43:50 Arson
45:02 Chain Mail Armor
45:22 Iron Casting
46:02 Plate Mail Armor
48:09 Blast Furnace
Ryn
11:26 Feudal Age
15:42 Castle Age
13:41 Horse Collar
13:51 Double-Bit Axe
14:47 Loom
15:26 Stone Mining
17:05 Scale Barding Armor
22:24 Wheelbarrow
24:40 Bow Saw
24:12 Horse Collar
24:36 Gold Mining
29:52 Imperial Age
28:30 Hand Cart
31:53 Chain Barding Armor
31:44 Forging
34:10 Plate Barding Armor
34:11 Iron Casting
35:02 Conscription
34:41 Stirrups
37:13 Blast Furnace
37:59 Elite Konnik
39:29 Heavy Plow
45:47 Crop Rotation
45:49 Ballistics
45:26 Murder Holes
agiardpro
9:58 Feudal Age
10:34 Double-Bit Axe
10:31 Horse Collar
16:26 Castle Age
16:00 Wheelbarrow
17:21 Bow Saw
17:13 Heavy Plow
19:09 Hand Cart
22:34 Loom
23:27 Scale Mail Armor
23:39 Forging
23:53 Gold Mining
23:54 Stone Mining
24:49 Squires
26:00 Pikeman
35:28 Imperial Age
33:05 Elite Skirmisher
33:51 Thumb Ring
34:44 Ballistics
34:20 Murder Holes
34:28 Man-at-Arms
35:23 Long Swordsman
35:49 Arson
35:48 Imperial Skirmisher
35:59 Two-Handed Swordsman
36:37 Champion
38:57 Chain Mail Armor
40:29 Halberdier
47:32 Plate Mail Armor
47:38 Iron Casting
46:53 Fletching
DelaRocha
11:04 Feudal Age
15:00 Castle Age
12:52 Double-Bit Axe
12:51 Horse Collar
16:40 Wheelbarrow
15:56 Loom
16:51 Wheelbarrow
17:11 Bow Saw
23:41 Town Watch
27:49 Imperial Age
25:27 Scale Barding Armor
25:44 Forging
25:55 Stone Mining
25:59 Gold Mining
26:35 Caravan
27:12 Chain Barding Armor
28:02 Iron Casting
27:42 Fletching
28:06 Husbandry
27:37 Cavalier
29:28 Two-Man Saw
29:31 Gold Shaft Mining
29:06 Heavy Plow
29:34 Bloodlines
30:30 Stone Shaft Mining
30:32 Plate Barding Armor
32:06 Blast Furnace
32:02 Bodkin Arrow
32:45 Conscription
33:01 Scale Mail Armor
33:48 Conscription
34:53 Chemistry
34:16 Ballistics
33:57 Savar
34:35 Elite Skirmisher
39:41 Chain Mail Armor
45:33 Plate Mail Armor
theDude
10:45 Feudal Age
14:47 Castle Age
13:05 Double-Bit Axe
13:59 Stone Mining
14:35 Loom
27:52 Gold Mining
30:47 Imperial Age
28:35 Town Watch
31:16 Wheelbarrow
30:56 Fletching
31:12 Scale Barding Armor
32:04 Conscription
32:45 Chain Barding Armor
32:35 Forging
33:36 Gold Shaft Mining
33:13 Bow Saw
32:40 Cavalier
33:23 Husbandry
35:06 Bodkin Arrow
35:47 Plate Barding Armor
36:17 Paladin
38:34 Pikeman
月喵喵
10:22 Feudal Age
12:40 Loom
14:58 Castle Age
12:48 Horse Collar
12:58 Double-Bit Axe
13:38 Horse Collar
15:56 Heavy Plow
16:58 Bow Saw
20:32 Wheelbarrow
22:52 Hand Cart
22:23 Loom
30:24 Imperial Age
28:13 Gold Mining
29:42 Gold Shaft Mining
30:13 Stone Mining
30:34 Onager
30:42 Heavy Scorpion
32:01 Conscription
31:59 Siege Engineers
32:20 Ballistics
32:13 Onager
34:31 Chemistry
33:58 Town Watch
35:03 Northmen's Fury
37:16 Siege Onager
39:14 Forging
42:23 Masonry
42:10 Murder Holes
47:22 Iron Casting
46:47 Scale Mail Armor
Connection lost

Rejoining the realm…

Still unreachable

The connection could not be restored.

Session expired

The server has moved on; the page needs a fresh start.